 Dungeon Crawl Stone Soup version 0.31-a0-876-gfe8ebadbca (webtiles) character file.

Game seed: 11266427275402481244

1324 Xavori the Covert (level 8, -5/55 HPs)
             Began as an Octopode Chaos Knight on Oct 13, 2023.
             Was a Plaything of Xom.
             Slain by an ice beast (11 damage)
             ... on level 6 of the Dungeon.
             The game lasted 00:03:54 (9771 turns).

Xavori the Covert (Octopode Chaos Knight)           Turns: 9771, Time: 00:03:54

Health: -5/55      AC: -1    Str: 17    XL:     8   Next: 60%
Magic:  7/7        EV: 14    Int: 15    God:    Xom [*.....]
Gold:   342        SH:  0    Dex: 13    Spells: 7/7 levels left

rFire   . . .        n - +0 short sword (elec)
rCold   . . .        (no shield)
rNeg    . . .        x - +2 hat
rPois   .            (no amulet)
rElec   .            u - +6 ring of strength
rCorr   .            q - ring of wizardry
SInv    .            (no ring)
Will    .....        (no ring)
Stlth   +++++        (no ring)
HPRegen 0.29/turn    (no ring)
MPRegen 0.10/turn    (no ring)
                     (no ring)

%: wizardry (x1)
@: about to teleport, corroded
A: almost no armour, amphibious, 8 rings, camouflage 1, gelatinous body 1,
(nimble swimmer 1), tentacles, fangs 1, tentacle spike 1, iridescent scales 2,
low MP 1, screaming 1, wild magic 2
a: Renounce Religion


You were on level 6 of the Dungeon.
You worshipped Xom.
You were a special plaything of Xom.
You visited 1 branch of the dungeon, and saw 6 of its levels.

You collected 342 gold pieces.

Inventory:

Hand Weapons
 a - a +0 short sword of chaos
 n - a +0 short sword of electrocution (weapon)
Armour
 x - a +2 hat (worn)
Jewellery
 i - a ring of fire
 q - a ring of wizardry (right tentacle)
 u - a +6 ring of strength (left tentacle)
Wands
 l - a wand of mindburst (10)
 w - a wand of roots (8)
Scrolls
 b - a scroll of butterflies
 e - a scroll of teleportation
 f - a scroll of noise {unknown}
 h - a scroll of silence {unknown}
 j - a scroll of torment {unknown}
 o - 2 scrolls of poison {unknown}
 t - a scroll of amnesia {unknown}
 y - 2 scrolls of identify {unknown}
Potions
 c - 2 potions of mutation
 d - 2 potions of curing {unknown}
 g - 3 potions of lignification {unknown}
 k - a potion of resistance {unknown}
 m - 3 potions of heal wounds {unknown}
 p - 2 potions of might {unknown}
 r - 2 potions of invisibility {unknown}
 s - a potion of brilliance {unknown}
 v - a potion of cancellation {unknown}
 z - a potion of degeneration {unknown}
 A - a potion of enlightenment {unknown}
 B - a potion of haste {unknown}


   Skills:
 + Level 5.0 Fighting
 + Level 6.1 Short Blades
 + Level 4.7 Dodging
 + Level 9.1 Stealth


You had 7 spell levels left.
You didn't know any spells.
Your spell library contained the following spells:

 Spells                   Type           Power      Damage    Failure   Level
 Freeze                   Ice            0%         1d3       19%         1
 Kiss of Death            Conj/Necr      0%         2d5       19%         1
 Confusing Touch          Hex            0%         N/A       45%         3
 Frozen Ramparts          Ice            0%         1d1       45%         3
 Hailstorm                Conj/Ice       0%         3d3       45%         3
 Dispel Undead            Necr           0%         3d6       80%         4


Dungeon Overview and Level Annotations

Branches:
Dungeon (6/15)             Temple (0/1) D:5

Altars:
Dithmenos
Nemelex Xobeh
Qazlal
Trog
Vehumet

Annotations:
D:6 1 runed translucent door


Innate Abilities, Weirdness & Mutations

You cannot wear most types of armour.
You are amphibious.
You can wear up to eight rings at the same time.
Your skin changes colour to match your surroundings (Stealth+).
Your rubbery body absorbs attacks. (AC +1, EV +1)
((You are camouflaged when in or above water. (Stealth+)))
You have tentacles for arms and can constrict up to eight enemies at once.
You have very sharp teeth.
One of your tentacles bears a spike.
You are mostly covered in iridescent scales. (AC +4)
Your magical capacity is low. (-10% MP)
You occasionally shout uncontrollably at your foes.
Your spells are harder to cast, but more powerful.


Message History

Your bite misses the centaur. Your squeeze misses the centaur.
The centaur is moderately wounded.
The jelly hits you but does no damage.
The centaur hits you but does no damage.
The centaur closely misses you.
You barely miss the centaur.
You pierce the centaur, but do no damage.
The centaur is moderately wounded.
The jelly completely misses you. The centaur barely misses you. x2
Unknown command.
You hit the centaur. Lightning courses through the centaur!
You kill the centaur!
The jelly hits you but does no damage. The ice beast hits you.
The ice beast freezes you!
Your Fighting skill increases to level 5!
Your Stealth skill increases to level 9!
You hit the jelly. The acid corrodes you!
Your tentacles burn!
You squeeze the jelly, but do no damage.
The jelly is moderately wounded.
Unknown command.
You hit the jelly but do no damage.
Your tentacles burn!
Your tentacle spike misses the jelly.
The jelly is moderately wounded.
The jelly hits you. The acid corrodes you!
You are splashed with acid!
The ice beast misses you.
Unknown command.
As you read the scroll labelled IKEXISU UDAYSU, it crumbles to dust.
You feel strangely unstable.
It was a scroll of teleportation.
The jelly closely misses you. The ice beast hits you.
The ice beast freezes you! The jelly hits you.
* * * LOW HITPOINT WARNING * * *
You are splashed with acid.
* * * LOW HITPOINT WARNING * * *
The ice beast attacks as it pursues you!
The ice beast hits you.
* * * LOW HITPOINT WARNING * * *
The ice beast freezes you!
You die...
Xom titters!

#......###..
###...########......# #..
.......#............# #..
.......#...........####..
.......#..........##.....
.......#.......#+#.......
#....#.......#.#.......
.##....J.........#..)....
......)Y@......).#...####
....#...............#....
. ############....#....
.........#....
...........###
............###
...............
...............
...............


You could see an ice beast and a jelly.

Vanquished Creatures
  A black bear (D:5)
  An ogre (D:5)
  5 centaurs
  A bullfrog (D:6)
  2 wights (D:5)
  A howler monkey (D:6)
  2 jellies
  3 hounds
  An orc priest (D:3)
  2 iguanas (D:5)
  3 sleepcaps (D:5)
  2 orc wizards
  2 adders
  2 white imps
  A worm (D:2)
  2 dart slugs (D:2)
  14 orcs
  3 ball pythons (D:2)
  4 endoplasms
  2 giant cockroaches
  8 goblins
  3 hobgoblins
  6 jackals
  7 bats
  4 frilled lizards
  3 kobolds
  5 rats
90 creatures vanquished.

Vanquished Creatures (collateral kills)
  2 wights (D:5)
2 creatures vanquished.

Vanquished Creatures (others)
  A wight (D:5)
  A hound (D:5)
2 creatures vanquished.

Grand Total: 94 creatures vanquished

Notes
Turn   | Place    | Note
-------+----------+-------------------------------------------
     0 | D:1      | Xavori the Octopode Chaos Knight began the quest for the
                  | Orb.
     0 | D:1      | Reached XP level 1. HP: 16/16 MP: 1/1
    87 | D:1      | XOM: divination: detect creatures
   189 | D:1      | Reached XP level 2. HP: 21/21 MP: 2/2
   423 | D:1      | XOM: god gift: 2 lumpy black potions {god gift}
   425 | D:1      | Gained mutation: You occasionally shout uncontrollably at
                  | your foes. [potion of mutation]
   425 | D:1      | Gained mutation: You are partially covered in iridescent
                  | scales. (AC +2) [potion of mutation]
   446 | D:1      | XOM: butterfly on damage
  1220 | D:1      | XOM: give mutation
  1220 | D:1      | Gained mutation: You have an increased reservoir of magic.
                  | (+10% MP) [Xom's grace]
  1812 | D:1      | XOM: torment (12/21 hp)
  1846 | D:1      | XOM: torment (11/21 hp)
  2170 | D:1      | XOM is BORED!
  2359 | D:1      | XOM: silly message
  2995 | D:1      | XOM: torment (12/21 hp)
  3462 | D:1      | XOM: torment (12/21 hp)
  4038 | D:1      | XOM: draining
  4275 | D:1      | XOM: give mutations
  4275 | D:1      | Gained mutation: You expend magic power (3 MP) to
                  | strengthen your wands. [Xom's mischief]
  4275 | D:1      | Lost mutation: You have an increased reservoir of magic.
                  | (+10% MP) [Xom's mischief]
  4701 | D:1      | XOM: silly message
  5018 | D:1      | XOM: silly message
  5133 | D:2      | XOM: blink monster(s)
  5169 | D:2      | Reached skill level 1 in Stealth
  5169 | D:2      | Reached XP level 3. HP: 22/25 MP: 3/3
  5293 | D:2      | Found a faded altar of an unknown god.
  5622 | D:2      | XOM: summons 1 hostile demon
  5908 | D:2      | XOM: stat loss: -1 Str (10/11)
  6005 | D:3      | Reached skill level 2 in Stealth
  6005 | D:3      | Reached XP level 4. HP: 33/33 MP: 4/4
  6014 | D:2      | XOM: smoke on damage
  6119 | D:2      | XOM: give mutations
  6119 | D:2      | Lost mutation: You expend magic power (3 MP) to strengthen
                  | your wands. [Xom's mischief]
  6119 | D:2      | Gained mutation: You are frail. (-10% HP) [Xom's mischief]
  6119 | D:2      | Gained mutation: Your magical capacity is low. (-10% MP)
                  | [Xom's mischief]
  6119 | D:2      | Gained mutation: You sometimes lose your temper in combat.
                  | [Xom's mischief]
  6227 | D:2      | XOM: summons friendly quasit
  6232 | D:2      | Reached skill level 3 in Stealth
  6723 | D:2      | Lost mutation: You are frail. (-10% HP) [potion of
                  | mutation]
  6723 | D:2      | Lost mutation: Your magical capacity is low. (-10% MP)
                  | [potion of mutation]
  6723 | D:2      | Lost mutation: You are partially covered in iridescent
                  | scales. (AC +2) [potion of mutation]
  6723 | D:2      | Gained mutation: Your magical capacity is low. (-10% MP)
                  | [potion of mutation]
  7255 | D:2      | XOM: give mutations
  7255 | D:2      | Lost mutation: You sometimes lose your temper in combat.
                  | [Xom's grace]
  7255 | D:2      | Gained mutation: You are partially covered in iridescent
                  | scales. (AC +2) [Xom's grace]
  7255 | D:2      | Gained mutation: You have very sharp teeth. [Xom's grace]
  7255 | D:2      | Gained mutation: Your spells are a little harder to cast,
                  | but a little more powerful. [Xom's grace]
  7265 | D:3      | Reached XP level 5. HP: 37/37 MP: 4/4
  7265 | D:3      | XOM: 9-stop teleportation journey
  7386 | D:3      | XOM: stat loss: -1 Int (14/15)
  7763 | D:4      | Found a radiant altar of Vehumet.
  7768 | D:4      | Found a stormy altar of Qazlal.
  7770 | D:4      | Found a bloodstained altar of Trog.
  7788 | D:4      | Found a shadowy altar of Dithmenos.
  8042 | D:4      | XOM: polymorph scorpion -> hound
  8045 | D:4      | Reached skill level 4 in Stealth
  8045 | D:4      | XOM: scenery: summon butterflies
  8150 | D:4      | XOM: 3-stop teleportation journey
  8204 | D:4      | XOM: cloud trail
  8217 | D:4      | XOM: god gift: +2 hat
  8311 | D:4      | XOM: cloud trail
  8529 | D:5      | Entered Level 5 of the Dungeon
  8561 | D:5      | Noticed a black bear
  8563 | D:5      | Killed a black bear
  8564 | D:5      | Reached skill level 5 in Stealth
  8564 | D:5      | Reached XP level 6. HP: 43/43 MP: 5/5
  8635 | D:5      | XOM: destruction
  8641 | D:5      | Reached skill level 6 in Stealth
  8641 | D:5      | Reached XP level 7. HP: 40/48 MP: 6/6
  8641 | D:5      | XOM: cast spell 'Summon Hydra'
  8647 | D:5      | Reached skill level 5 in Short Blades
  8753 | D:5      | Reached skill level 7 in Stealth
  8926 | D:5      | XOM: potion effect (might)
  8929 | D:5      | Reached XP level 8. HP: 39/54 MP: 7/7
  9012 | D:5      | Reached skill level 8 in Stealth
  9281 | D:5      | Found a staircase to the Ecumenical Temple.
  9388 | D:5      | XOM: give mutations
  9388 | D:5      | Gained mutation: You are mostly covered in iridescent
                  | scales. (AC +4) [Xom's grace]
  9388 | D:5      | Gained mutation: One of your tentacles bears a spike.
                  | [Xom's grace]
  9388 | D:5      | Gained mutation: Your spells are harder to cast, but more
                  | powerful. [Xom's grace]
  9486 | D:6      | XOM: scenery: 2 doors open
  9529 | D:6      | Identified the +0 ring mail "Urchubi" {rF+}
  9532 | D:6      | XOM is BORED!
  9532 | D:6      | XOM: 1-stop teleportation journey
  9580 | D:6      | XOM: blink monster(s)
  9606 | D:6      | Found a sparkling altar of Nemelex Xobeh.
  9622 | D:6      | XOM: summons 1 hostile shadow creature
  9736 | D:6      | Found a runed translucent door.
  9768 | D:6      | Reached skill level 5 in Fighting
  9768 | D:6      | Reached skill level 9 in Stealth
  9771 | D:6      | Slain by an ice beast

Illustrated notes

Levels and vault maps discovered:
D:1:      heliophobic_arrival_glass_houses, layout_basic, dk_noncrumbling_2,
          minmay_misc_feat_alley
D:2:      layout_basic, shapermc_ecumenical_altar_pompeii
D:3:      layout_rooms
D:4:      nicolae_cairo_tiling, layout_basic, mainiacjoe_overflow_cross_hatched,
          minitemple
D:5:      layout_basic, minmay_temple_entry_overgrown, nicolae_titane
D:6:      layout_basic, dk_yredelemnul_ordeal, amcnicky_altar_gilded

Skill      XL: |  1  2  3  4  5  6  7  8 |
---------------+-------------------------+-----
Stealth        | 1 2 3 5 6 7 9 |  9.1
Dodging        | 3 4 |  4.7
Short Blades   | 4 5 6 |  6.1
Fighting       | 4 5 |  5.0

Action                     |  1- 3 |  4- 6 |  7- 9 || total
---------------------------+-------+-------+-------++-------
  Melee: Short sword       |    72 |    60 |    92 ||   224
         Constrict         |    15 |    14 |    16 ||    45
         Tentacles         |    10 |     8 |    22 ||    40
         Punch             |     1 |     1 |     1 ||     3
         Bite              |       |     3 |    11 ||    14
         Kick              |       |       |     9 ||     9
    Use: Potion            |     1 |     1 |       ||     2
         Scroll            |       |       |     1 ||     1
   Stab: Sleeping          |     7 |     5 |     6 ||    18
         Confused          |       |     1 |       ||     1
 Armour: Skin              |    21 |    32 |    55 ||   108
  Dodge: Dodged            |    44 |    50 |    68 ||   162

Table legend: (Time is in decaauts)
 A = Elapsed time spent in this place.
 B = Non-inter-level travel time spent in this place.
 C = Inter-level travel time spent in this place.
 D = Time resting spent in this place.
 E = Time spent auto-exploring this place.
 F = Levels seen in this place.
 G = Mean time per level.
                   A        B        C        D        E       F      G
               +--------+--------+--------+--------+--------+-----+--------+
         Total |   9723 |   9635 |     88 |   5898 |   3120 |   6 | 1620.5 |
       Dungeon |   9723 |   9635 |     88 |   5898 |   3120 |   6 | 1620.5 |
               +--------+--------+--------+--------+--------+-----+--------+

Top non-repeatable levels by time:
     D:1: 5114 daAuts
     D:2: 2110 daAuts
     D:4: 933 daAuts
     D:5: 894 daAuts
     D:3: 352 daAuts
     D:6: 318 daAuts
